 Dungeon Crawl Stone Soup version 0.31-a0-325-g067879e3d3 (webtiles) character file.

Game seed: 6289949072657058516

1315 cforsyth the Ruffian (level 8, -5/56 HPs)
             Began as a Vampire Shapeshifter on July 19, 2023.
             Was a Follower of Hepliaklqana.
             Slain by a gnoll
             ... wielding a +0 halberd
             ... led by a gnoll sergeant
              (8 damage)
             ... on level 6 of the Dungeon.
             The game lasted 00:07:28 (5246 turns).

cforsyth the Ruffian (Vampire Shapeshifter)         Turns: 5246, Time: 00:07:28

Health: -5/56      AC:  7    Str: 16    XL:     8   Next: 33%
Magic:  8/8        EV: 11    Int: 10    God:    Hepliaklqana [*.....]
Gold:   619        SH:  0    Dex: 15    Spells: 7/7 levels left

rFire   + .          .
                       - Unarmed
rCold   . . .        (no shield)
rNeg    . . .        q - +2 ring mail {rF+}
rPois   .            (helmet currently unavailable)
rElec   .            (cloak currently unavailable)
rCorr   .            (gloves currently unavailable)
SInv    +            (boots currently unavailable)
Will    .....        (no amulet)
Stlth   +            (no ring)
HPRegen 0.49/turn    (no ring)
MPRegen 0.11/turn

%: no passive effects
@: beast-form, healing quickly
A: beast (slay +4), reduced essence, alive, fangs 3, see invisible, vampiric 2
a: Exsanguinate, Begin Untransformation, Renounce Religion, Recall Ancestor,
Ancestor Identity


You were on level 6 of the Dungeon.
You worshipped Hepliaklqana.
Hepliaklqana was aware of your devotion.
You were a hulking beast.
You visited 2 branches of the dungeon, and saw 8 of its levels.

You collected 619 gold pieces.

Inventory:

Missiles
 o - a throwing net
Armour
 a - a +0 animal skin
 q - a +2 ring mail of fire resistance (worn)
Jewellery
 h - a ring of flight
 w - an amulet of magic regeneration
Talismans
 c - a beast talisman
 j - a maw talisman
Wands
 k - a wand of charming (7)
 u - a wand of roots (10)
 D - a wand of mindburst (12)
 E - a wand of flame (18)
Scrolls
 e - a scroll of acquirement {unknown}
 f - a scroll of identify
 g - a scroll of silence {unknown}
 i - a scroll of immolation {unknown}
 m - a scroll of vulnerability {unknown}
 n - a scroll of fear
 p - a scroll of teleportation {unknown}
 s - a scroll of enchant armour {unknown}
 t - a scroll of blinking {unknown}
 v - 2 scrolls of enchant weapon {unknown}
 y - a scroll of fog {unknown}
 z - a scroll of revelation {unknown}
 C - 2 scrolls of noise {unknown}
Potions
 b - a potion of lignification
 d - a potion of curing
 l - 2 potions of berserk rage
 r - a potion of might
 x - a potion of enlightenment
 A - a potion of attraction
 B - a potion of degeneration {unknown}


   Skills:
 + Level 5.6 Fighting
 - Level 2.1 Dodging
 + Level 6.7 Unarmed Combat
 + Level 6.2 Shapeshifting


You had 7 spell levels left.
You didn't know any spells.
Your spell library contained the following spells:

 Spells                   Type           Power      Damage    Failure   Level
 Foxfire                  Conj/Fire      0%         2x1d4     58%         1
 Freeze                   Ice            0%         1d3       58%         1
 Cigotuvi's Dreadful Rot  Necr/Pois/Air  0%         N/A       73%         2
 Frozen Ramparts          Ice            0%         1d1       91%         3
 Hailstorm                Conj/Ice       0%         3d3       91%         3
 Dispel Undead            Necr           0%         3d6       100%        4
 Death Channel            Necr           0%         N/A       100%        6
 Plasma Beam              Fire/Air       0%         2x1d10    100%        6
 Starburst                Conj/Fire      0%         6d3       100%        6


Dungeon Overview and Level Annotations

Branches:
Dungeon (7/15)             Temple (1/1) D:5

Altars:
Ashenzari
Cheibriados
Dithmenos
Fedhas
Gozag
Hepliaklqana
Makhleb
Nemelex Xobeh
Okawaru
Qazlal
Ru
Sif Muna
Trog
Vehumet
Wu Jian
Xom
Yredelemnul

Shops:
D:1 [   D:6 [

Annotations:
D:3 3 runed translucent doors, LustLizard's ghost, weakling OpSh
D:7 3 runed translucent doors


Innate Abilities, Weirdness & Mutations

You are a hulking beast.
Your limbs bulge with bestial killing power. (Slay +4)
Your life essence is reduced to manifest your ancestor. (-10% HP)
Your natural rate of healing is accelerated.
You have razor-sharp teeth.
You have supernaturally acute eyesight. (SInv)
You are afflicted with vampirism and can become a bat while bloodless.


Message History

Publia is destroyed!
* * * LOW HITPOINT WARNING * * *
You feel sick.
* * * LOW HITPOINT WARNING * * *
You feel sick.
You feel better.
There is a stone staircase leading up here.
You climb upwards.
There is a stone staircase leading down here.
You start resting.
Publia emerges from the mists of memory!
You start resting.
HP restored.
You climb downwards.
Level annotation: 3 runed translucent doors The gnoll hits you with a +0 halberd.
There is a stone staircase leading up, spattered with blood here.
You hit the gnoll.
The gnoll is lightly wounded.
The gnoll hits you with a +0 halberd! The gnoll hits you with a +0 halberd!
The gnoll sergeant hits you from afar with a +4 trident of venom!
You are poisoned.
You climb upwards.
You feel very sick.
There is a stone staircase leading down here.
You hit the gnoll.
The gnoll is heavily wounded.
You feel sick.
Publia hits the gnoll but does no damage.
The gnoll hits you with a +0 halberd!
* * * LOW HITPOINT WARNING * * *
You feel better.
Publia barely misses the gnoll.
The gnoll hits you with a +0 halberd!
* * * LOW HITPOINT WARNING * * *
The gnoll attacks as you move away! The gnoll hits you with a +0 halberd!
* * * LOW HITPOINT WARNING * * *
Publia hits the gnoll.
The gnoll hits you from afar with a +0 halberd!
You die...

# ################ #######
#...#........#.## ......#
#.#.......##..... #####.#
##...#.###........ # #.#
##......# ####....# # #.#
#.......## #.#.## #.###
#Rg......#####.#.# #...#
#>.............#.# ###.#
##h....#.#######+## #.# ##...##.#
##...# # ##.# ######.# ##..... ##
##..# ########.#.####......
.####...#####....................
.+.....<.........................
.####.....###.####..[..###.......
## ##.##.# #.# #......# #.......
# ####.# #.# #..##.## #.#.....


You could see the friendly Publia the ancestor and a gnoll (ally target).

Vanquished Creatures
  A black bear (D:5)
  3 ice beasts
  An ogre (D:6)
  A phantom (D:5)
  4 scorpions
  3 hounds
  2 orc priests
  A gnoll bouda (D:4)
  5 orc wizards
  An iguana (D:6)
  4 adders
  7 gnolls
  An ufetubus (D:5)
  A dart slug (D:2)
  24 orcs
  4 ball pythons
  10 bats
  6 endoplasms
  2 giant cockroaches
  4 goblins
  8 hobgoblins
  7 jackals (D:3)
  4 quokkas
  3 frilled lizards
  2 kobolds
  5 rats
114 creatures vanquished.

Vanquished Creatures (others)
  2 ancestors
2 creatures vanquished.

Grand Total: 116 creatures vanquished

Notes
Turn   | Place    | Note
-------+----------+-------------------------------------------
     0 | D:1      | cforsyth the Vampire Shapeshifter began the quest for the
                  | Orb.
     0 | D:1      | Reached XP level 1. HP: 16/16 MP: 1/1
   179 | D:1      | Found Gasibucw's Antique Armour Boutique.
   232 | D:1      | Reached XP level 2. HP: 22/22 MP: 2/2
   341 | D:1      | Found a faded altar of an unknown god.
   897 | D:2      | Gained mutation: You are afflicted with vampirism and can
                  | become a bat while bloodless. [Vampire growth]
   897 | D:2      | Reached XP level 3. HP: 28/28 MP: 3/3
  1364 | D:3      | You fall into a shaft and drop 3 floors!
  1378 | D:5      | Entered Level 5 of the Dungeon
  1451 | D:5      | Noticed an ice beast
  1463 | D:5      | Killed an ice beast
  1464 | D:5      | Reached XP level 4. HP: 35/35 MP: 4/4
  1494 | D:5      | Reached XP level 5. HP: 37/41 MP: 5/5
  1573 | D:5      | Found a shimmering blue altar of Sif Muna.
  1623 | D:5      | Found a staircase to the Ecumenical Temple.
  1737 | Temple   | Entered the Ecumenical Temple
  1766 | D:5      | Found a burning altar of Makhleb.
  1832 | D:3      | Found an ornate altar of the Wu Jian Council.
  2025 | D:3      | Reached XP level 6. HP: 41/48 MP: 6/6
  2067 | D:3      | Found an iron altar of Okawaru.
  2070 | D:3      | Found a shimmering altar of Xom.
  2257 | D:3      | Found a runed translucent gate.
  2258 | D:3      | Found a runed translucent gate.
  2258 | D:3      | Found a runed translucent gate.
  2259 | D:3      | Noticed LustLizard's ghost (weakling OpSh)
  2612 | D:4      | Found a blossoming altar of Fedhas.
  2704 | D:4      | Reached skill level 5 in Unarmed Combat
  2704 | D:4      | Reached skill level 5 in Shapeshifting
  2749 | D:4      | Found a sacrificial altar of Ru.
  2972 | D:4      | Found a hazy altar of Hepliaklqana.
  3112 | D:4      | Found a bloodstained altar of Trog.
  3143 | D:4      | Became a worshipper of Hepliaklqana the Forgotten
  3181 | D:5      | Reached XP level 7. HP: 45/55 MP: 7/7
  3884 | D:5      | Reached skill level 5 in Fighting
  4187 | D:6      | Reached XP level 8. HP: 43/62 MP: 8/8
  4411 | D:6      | Found Wustrori's Antique Armour Boutique.
  4485 | D:6      | Reached * piety under Hepliaklqana
  5094 | D:7      | Found a runed translucent gate.
  5094 | D:7      | Found a runed translucent gate.
  5094 | D:7      | Found a runed translucent gate.
  5109 | D:7      | Found an opulent altar of Gozag.
  5144 | D:7      | HP: 2/56 [poisoned by a gnoll sergeant]
  5246 | D:6      | Slain by a gnoll

Illustrated notes

Levels and vault maps discovered:
D:1:      evilmike_arrival_crescent, layout_basic,
          chequers_ecumenical_altar_simple, serial_shops, nicolae_diamond_shop
D:2:      kennysheep_big_flooded_room, layout_rooms, grunt_ministairs_9,
          corexii_corridor_pit, minmay_gold_behind_fungi
D:3:      layout_basic, grunt_temple_overflow_open,
          pdpol_wu_jian_five_deadly_venoms, ebering_ghost_rock_garden
D:4:      layout_basic, mainiacjoe_overflow_six_doors_small,
          fedhas_altar_decomposition, mainiacjoe_overflow_alcove_4,
          zin_treasury, worldfamousw_hep_ancestral_shrine, hex_large
D:5:      layout_cave_pods, kennysheep_mini, lightli_temple_of_fire,
          minmay_temple_entry_junction, serial_rivers,
          chequers_serial_rivers_micro_e, chequers_serial_rivers_room_a,
          chequers_serial_rivers_micro_e, chequers_serial_rivers_large_b,
          chequers_serial_rivers_marsh, chequers_serial_rivers_room_a
D:6:      layout_loops_corners, serial_shops, shop
D:7:      layout_loops_ring, nicolae_gozag_seed_capital,
          mainiacjoe_overflow_chevrons, gammafunk_ghost_icy
Temple:   kb_temple_of_zot

Skill      XL: |  1  2  3  4  5  6  7  8 |
---------------+-------------------------+-----
Fighting       | 2 3 4 5 |  5.6
Unarmed Combat | 3 4 5 6 |  6.7
Shapeshifting  | 4 5 6 |  6.2
Dodging        | |  2.1

Action                     |  1- 3 |  4- 6 |  7- 9 || total
---------------------------+-------+-------+-------++-------
  Melee: Unarmed           |    92 |   127 |   119 ||   338
         Bite              |     8 |    14 |    12 ||    34
         Punch             |     3 |     6 |     3 ||    12
  Evoke: Wand              |       |       |     3 ||     3
    Use: Potion            |     1 |       |     2 ||     3
         Scroll            |       |       |     6 ||     6
   Stab: Sleeping          |     1 |       |       ||     1
 Armour: Animal skin       |    14 |       |       ||    14
         Skin              |     9 |       |       ||     9
         Ring mail         |     5 |    43 |    33 ||    81
  Dodge: Dodged            |    54 |    65 |    65 ||   184

Table legend: (Time is in decaauts)
 A = Elapsed time spent in this place.
 B = Non-inter-level travel time spent in this place.
 C = Inter-level travel time spent in this place.
 D = Time resting spent in this place.
 E = Time spent auto-exploring this place.
 F = Levels seen in this place.
 G = Mean time per level.
                   A        B        C        D        E       F      G
               +--------+--------+--------+--------+--------+-----+--------+
         Total |   5252 |   5108 |    144 |    355 |   3938 |   8 |  656.5 |
       Dungeon |   5235 |   5101 |    134 |    355 |   3938 |   7 |  747.9 |
        Temple |     17 |      8 |      9 |      0 |      0 |   1 |   17.0 |
               +--------+--------+--------+--------+--------+-----+--------+

Top non-repeatable levels by time:
     D:5: 1159 daAuts
     D:6: 1110 daAuts
     D:4: 866 daAuts
     D:2: 666 daAuts
     D:1: 665 daAuts
     D:3: 661 daAuts
     D:7: 105 daAuts
  Temple: 17 daAuts
